[Event "*** SCC Grand Prix: Titled Tuesday Blitz"]
[Site "Chess.com"]
[Date "2020.10.13"]
[Round "2"]
[White "WPWPWP-2015"]
[Black "Reader777"]
[Result "1-0"]
[WhiteElo "2486"]
[BlackElo "2689"]
[TimeControl "180+1"]
[EndTime "10:18:48 PDT"]
[Termination "WPWPWP-2015 won by resignation"]

1. e4 c5 2. Nf3 d6 3. Bb5+ Bd7 4. c4 Nc6 5. Nc3 g6 6. O-O Bg7 7. d3 Nf6 8. h3 O-O 9. Bg5 Nd4 10. Nxd4 cxd4 11.
Ne2 Bxb5 12. cxb5 Qb6 13. a4 a6 14. bxa6 bxa6 15. Qd2 Rab8 16. Rfb1 a5 17. Qe1 e5 18. Bd2 Qa6 19. Ra3 Nd7 20. Bxa5 Nc5 21. Nc1 Qc6 22.
Qd1 f5 23. exf5 Rxf5 24. b4 Rg5 25. f3 Ne6 26. b5 Qa8 27. Bb4 Nf4 28. Ra2 Nxh3+ 29. Kf1 Nf4 30. Bxd6 Rh5 31. Kf2 Rd8 32. Bc7 Rg5 33. Kf1 Rh5 34. Ne2 Nd5 35. Qc1 Ne3+ 36.
Kf2 Rg5 37. g4 Rf8 38. Qc6 Qc8 39. Ke1 Nxg4 40. b6 Qf5 41. b7 Nh2 42. b8=Q Nxf3+ 43. Kd1 Qxd3+ 44. Kc1 Qe3+ 45. Kb2 Qxe2+ 46. Ka1 Nd2 47.
Qd5+ Kh8 48. Qb2 Rg2 49. Bd6 Re8 50. Qxg2 Qxg2 51. Qxd2 Qd5 52. Ba3 e4 53. Bb2 e3 54.
Qb4 e2 55. a5 Qe4 56. Re1 Qe3 57. a6 d3 58. Bxg7+ Kxg7 59. Qc3+ Kg8 60. a7 d2 61. Qxd2 Qxd2 62. Rxd2 Ra8 63. Ra2 Rxa7 64. Rxa7 1-0

[Event "*** SCC Grand Prix: Titled Tuesday Blitz"]
[Site "Chess.com"]
[Date "2020.10.13"]
[Round "2"]
[White "anpospan"]
[Black "Ariadna_Atreides"]
[Result "1-0"]
[WhiteElo "2373"]
[BlackElo "2017"]
[TimeControl "180+1"]
[EndTime "10:18:50 PDT"]
[Termination "anpospan won on time"]

1. Nf3 d5 2. g3 c6 3. Bg2 Nf6 4. O-O Bg4 5. b3 Nbd7 6. Bb2 Qc7 7. d3 e5 8. Nbd2 Bd6 9. e4 O-O 10. h3 Bh5 11. g4 Bg6 12. Nh4 Nc5 13. Nf5 Ne6 14.
Nxd6 Qxd6 15. a4 Nf4 16. Ba3 c5 17. exd5 Nxg2 18. Kxg2 Nxd5 19. Ne4 Nf4+ 20. Kh2 Bxe4 21. dxe4 Qg6 22. Qf3 b6 23. Rad1 h5 24. gxh5 Nxh5 25. Rg1 Qh6 26. Bc1 Nf4 27. Rg4 Rad8 28. Rdg1 g6 29.
Bxf4 exf4 30. Rxf4 Rd2 31. c4 Kg7 32. e5 Rb2 33. e6 f5 34. e7 Re8 35. Qc3+ Kf7 36.
Rxf5+ gxf5 37. Qxb2 Rxe7 38. Qc3 Re2 39. Qg3 Qd2 40.
Qg8+ Kf6 41. Rg6+ Ke5 42. Qe8+ Kd4 43. Rd6+ Kc3 44. Qh8+ Kc2 45. Rxd2+ Rxd2 46. Kg3 Rd3+ 47. f3 Rxb3 48. Qe5 Rb4 49. Qxf5+ Kc1 50. Qf4+ Kd1 51. h4 Rxa4 52. h5 b5 53. h6 Rxc4 54. Qd6+ Rd4 55. Qxc5 Rc4 56. Qxb5 Rb4 57. Qxb4 Ke2 58. Qa4 a5 59.
Qxa5 Kd1 60. h7 Ke2 61. Qa3 Kd2 62. Qa2+ 1-0

[Event "*** SCC Grand Prix: Titled Tuesday Blitz"]
[Site "Chess.com"]
[Date "2020.10.13"]
[Round "2"]
[White "cassoulet"]
[Black "onnoelgersma"]
[Result "1-0"]
[WhiteElo "2716"]
[BlackElo "2493"]
[TimeControl "180+1"]
[EndTime "10:18:53 PDT"]
[Termination "cassoulet won on time"]

1. e4 c5 2. Nf3 e6 3. d4 cxd4 4. Nxd4 Nf6 5. Nc3 Nc6 6. Ndb5 d6 7. Bf4 e5 8. Bg5 a6 9. Na3 b5 10. Nd5 Be7 11. Bxf6 Bxf6 12. c3 Rb8 13. Nc2 Bg5 14. Bd3 O-O 15. h4 Bh6 16. Qf3 Ne7 17. Ncb4 Bb7 18. g3 a5 19. Nc2 Bxd5 20. exd5 f5 21. Qe2 b4 22. cxb4 axb4 23. O-O Qb6 24. Bc4 f4 25. Kh2 Nf5 26. Bd3 Nd4 27. Qe4 g6 28. Nxd4 Qxd4 29. Qxd4 exd4 30. g4 Bg7 31. Rfe1 Be5 32. f3 Ra8 33. Kg2 Rf7 34. Rec1 Rfa7 35. Rc4 Rxa2 36. Rxa2 Rxa2 37. Rxb4 Ra1 38. h5 Rd1 39.
Be4 Rd2+ 40. Kf1 gxh5 41. gxh5 d3 42. Rb8+ Kg7 43. Rb7+ Kf6 44. Bxh7 Rd1+ 45. Kg2 d2 46. Bc2 Rc1 47. Ba4 d1=Q 48. Bxd1 Rxd1 49. b4 Kg5 50. b5 Kxh5 51. b6 Rb1 52. Rb8 Kg6 53. b7 Kg7 54. Kh3 Rb5 55. Kg4 Bd4 56. Kxf4 Ba7 57. Rd8 Rxb7 58. Kf5 Re7 59. Rxd6 Kf7 60.
Rh6 Bc5 61. d6 Rd7 62. Ke5 Ba3 63. Rh7+ Ke8 64. Rh8+ Kf7 65. Rh7+ Ke8 66. Rh6 Rg7 67. Ke6 Rg8 68. f4 Kd8 69. f5 Re8+ 70. Kd5 Rf8 71.
Ke5 Bb2+ 72. Ke4 Ba3 73. Ke5 Bb2+ 74. Ke6 Ba3 75. Rh7 Bb2 76. Ra7 Re8+ 77. Kd5 Ba3 78. Kc6 1-0

[Event "*** SCC Grand Prix: Titled Tuesday Blitz"]
[Site "Chess.com"]
[Date "2020.10.13"]
[Round "2"]
[White "Leonid_Starozhilov"]
[Black "Pashinskiy_Mikhail"]
[Result "1-0"]
[WhiteElo "2641"]
[BlackElo "2328"]
[TimeControl "180+1"]
[EndTime "10:18:53 PDT"]
[Termination "Leonid_Starozhilov won by resignation"]

1. e4 c5 2. Nf3 Nc6 3. Bb5 d6 4. O-O Bd7 5. Re1 a6 6. Bxc6 Bxc6 7. c3 Nf6 8. d4 cxd4 9. cxd4 e6 10. d5 Bd7 11. dxe6 Bxe6 12. Nc3 Be7 13. Ng5 Bd7 14.
Qb3 O-O 15. Qxb7 Qa5 16. Qb3 Rab8 17. Qd1 h6 18. Nf3 Bg4 19. h3 Bh5 20. Qd3 Rfe8 21. Nd4 Rec8 22. Nf5 Bf8 23. Qg3 Bg6 24. Nxd6 Nh5 25.
Qh2 Rxc3 26. bxc3 Qxc3 27. Be3 Nf6 28. Nxf7 Re8 29. Nd6 Re6 30. Nf5 Nxe4 31. Nd4 Rf6 32. Qe5 Bd6 33. Qd5+ Kh7 34. Rac1 Qa3 35. Qb3 Qa5 36.
Nf3 Qh5 37. Qd1 Be7 38. Nh2 Qf5 39. Ng4 Re6 40. Qf3 Qd5 41. Rcd1 Qc6 42. Bf4 Bh5 43. Qe3 Bg6 44. Ne5 Qb7 45. Nxg6 Kxg6 46. Qf3 Qc6 47. Qg4+ Kh7 48. Be3 Bf6 49. Qf5+ Kg8 50. Rc1 Qd7 51. Red1 Qf7 52. Rc8+ Re8 53. Rxe8+ Qxe8 54. Qd7 Qg6 55. Qd5+ Kh7 56. g4 Nc3 57. Qd3 Nxd1 58. Qxd1 Qe4 59. Qe2 Qa4 60. Kg2 Qc6+ 61. Qf3 Qa4 62. Qf5+ Kg8 63. Qd5+ Kh7 64. Qd3+ Kh8 65. Qd5 Qd1 66. Qxd1 1-0

[Event "*** SCC Grand Prix: Titled Tuesday Blitz"]
[Site "Chess.com"]
[Date "2020.10.13"]
[Round "2"]
[White "Kapibara_Warri0r"]
[Black "Nara_Kh"]
[Result "0-1"]
[WhiteElo "2089"]
[BlackElo "2390"]
[TimeControl "180+1"]
[EndTime "10:18:53 PDT"]
[Termination "Nara_Kh won on time"]

1. d4 d5 2. c4 c6 3. Nc3 Nf6 4. Bg5 Bf5 5. Nf3 e6 6. e3 Nbd7 7. Bd3 Bg6 8. O-O Bd6 9. Bxg6 hxg6 10. c5 Bc7 11. g3 e5 12. dxe5 Nxe5 13. Nxe5 Bxe5 14.
f4 Bc7 15. f5 Rh5 16. Bxf6 Qxf6 17. fxg6 Qxg6 18. Qf3 f6 19. e4 O-O-O 20. b4 Rdh8 21.
Rf2 Kb8 22. exd5 cxd5 23. Nxd5 Bxg3 24. hxg3 Rh1+ 25. Qxh1 Rxh1+ 26. Kxh1 Qe4+ 27. Kh2 Qxd5 28. a3 Qd4 29. Raa2 Kc7 30. Rad2 Qc3 31. Ra2 Kc6 32. Rfe2 Qc4 33. Rad2 Qg4 34. Re7 Qh5+ 35. Kg2 Qg5 36. Rdd7 Kb5 37. Rxb7+ Kc4 38. Rxa7 Qd2+ 39. Kh3 g5 40. c6 Qd1 41. Re4+ Kb5 42. Rae7 Qf1+ 43. Kg4 f5+ 44. Kxg5 fxe4 45. c7 Qc1+ 46. Kf5 e3 47. Re5+ Kb6 48. Rc5 Qf1+ 49. Ke4 e2 50. Rc6+ Kxc6 51.
c8=Q+ Kd6 52. Qd8+ Kc6 53. Qc8+ Kb5 54. Qb7+ Ka4 55.
Qa6+ Kb3 56. Qd3+ Kb2 57. Qd2+ Kxa3 58. Qc3+ Ka4 59. Qc2+ Kb5 60. Qd3+ Kb6 61. Qd4+ Kc6 62. Qc4+ Kd6 63. Qc5+ Ke6 64. Qe5+ Kf7 65. Qd5+ Kg6 66. Qe6+ Kg7 67. Qd7+ Qf7 68. Qg4+ Qg6+ 0-1

[Event "*** SCC Grand Prix: Titled Tuesday Blitz"]
[Site "Chess.com"]
[Date "2020.10.13"]
[Round "2"]
[White "Ajedrez_con_German"]
[Black "nitpicker"]
[Result "1-0"]
[WhiteElo "2492"]
[BlackElo "2277"]
[TimeControl "180+1"]
[EndTime "10:18:55 PDT"]
[Termination "Ajedrez_con_German won by resignation"]

1. d4 Nf6 2. Bf4 b6 3. e3 Bb7 4. Nf3 e6 5. Be2 d6 6. O-O g6 7. c4 Nbd7 8. Nc3 Bg7 9. h3 O-O 10. Rc1 Qe7 11. b4 e5 12. Bh2 a6 13. a4 a5 14. b5 Ne8 15. Qb3 h6 16. Rfe1 Kh7 17. Qa3 f6 18. Nd5 Qf7 19. Qb3 f5 20. Bf1 Rc8 21.
Qa2 e4 22. Nd2 Nef6 23. Nxf6+ Bxf6 24. Nb3 g5 25. Qc2 Qg6 26. c5 dxc5 27. dxc5 Bd5 28. Red1 Be6 29. c6 Ne5 30. Nd4 Bg8 31. Bxe5 Bxe5 32.
Bc4 f4 33. Bxg8+ Rxg8 34. Re1 g4 35. hxg4 h5 36. exf4 Bxd4 37. Rxe4 Bg7 38. f5 Qg5 39. f6 Qg6 40. fxg7 Rxg7 41. Rce1 Rcg8 42. Qe2 hxg4 43.
Re6 Qg5 44. Qe4+ Kh8 45. Qe3 Qh5 46. Rh6+ Rh7 47. Rxh7+ Qxh7 48. Qe5+ Rg7 49. Qe8+ Rg8 50. Qe5+ Rg7 51. Qe8+ Rg8 52. Qe3 Rg7 53. Qe4 Qh6 54. Qe8+ Rg8 55. Qe5+ Rg7 56. Qe3 Qh5 57. Rd1 Rh7 58.
Rd8+ Kg7 59. Qe7+ Qf7 60. Qxf7+ Kxf7 61. Rd7+ Kg6 62. Rxh7 Kxh7 63. Kh2 Kg6 64. Kg3 Kg5 65. f3 gxf3 66. Kxf3 Kf5 67. g4+ Ke5 68. Kg3 Ke4 69.
Kh4 Kd4 70. g5 Kc4 71. g6 Kb4 72. g7 Kxa4 73. g8=Q Kxb5 74. Qb3+ Kxc6 75. Kg4 b5 76.
Kf4 a4 77. Qb4 Kb6 78. Ke4 c5 79. Qb2 b4 80. Kd5 a3 81. Qb3 1-0

[Event "*** SCC Grand Prix: Titled Tuesday Blitz"]
[Site "Chess.com"]
[Date "2020.10.13"]
[Round "2"]
[White "azikom"]
[Black "karwowskikacper"]
[Result "1-0"]
[WhiteElo "2630"]
[BlackElo "2326"]
[TimeControl "180+1"]
[EndTime "10:18:57 PDT"]
[Termination "azikom won by resignation"]

1. e4 c5 2. Nc3 Nc6 3. d3 d6 4. g3 g6 5. Bg2 Bg7 6. Be3 Rb8 7. Qd2 b5 8. Nge2 b4 9. Nd1 Nd4 10. O-O e6 11. Nc1 Ne7 12. c3 bxc3 13. bxc3 Ndc6 14. Bh6 Bf6 15. d4 cxd4 16. cxd4 Nxd4 17.
Nc3 Ba6 18. Rd1 Nec6 19. Nb3 Bc4 20. Nxd4 Nxd4 21. Rac1 e5 22. h4 Qd7 23. Qe3 Qg4 24.
Re1 Be7 25. Bg7 Rg8 26. Bh6 f5 27. Nd5 Bxd5 28. exd5 Kf7 29. Rc7 Rgc8 30. Rxa7 Nc2 31. Qg5 Qxg5 32. Bxg5 Nxe1 33. Rxe7+ Kf8 34. Rxh7 Nxg2 35.
Kxg2 Kg8 36. Rd7 Rb6 37. a4 Ra8 38. Bh6 Rxa4 39. Rg7+ Kh8 40. Rxg6 Kh7 41. Re6 Rd4 42. Bg5 Rxd5 43. h5 Rb7 44. Re8 Rf7 45. Re6 f4 46. g4 f3+ 47. Kg3 Rd1 48. Rh6+ Kg7 49. Rg6+ Kh7 50. Bf6 Rg1+ 51. Kxf3 d5 52. g5 e4+ 53.
Kf4 Rxf6+ 54. Rxf6 Rf1 55. Ke3 Kg7 56. h6+ Kh7 57.
Rf7+ Kg6 58. Rg7+ Kf5 59. h7 Rh1 60. g6 Ke5 61. Rg8 d4+ 62. Kd2 e3+ 63. fxe3 dxe3+ 64. Kxe3 Rh3+ 65. Kf2 Kf6 66. Kg2 Rh6 67. h8=Q+ Rxh8 68.
Rxh8 Kxg6 69. Rh4 1-0

[Event "*** SCC Grand Prix: Titled Tuesday Blitz"]
[Site "Chess.com"]
[Date "2020.10.13"]
[Round "2"]
[White "alexgo05"]
[Black "Anton_Demchenko"]
[Result "1-0"]
[WhiteElo "2450"]
[BlackElo "2803"]
[TimeControl "180+1"]
[EndTime "10:19:04 PDT"]
[Termination "alexgo05 won by resignation"]

1. e4 c6 2. Nc3 d5 3. Nf3 dxe4 4. Nxe4 Nf6 5. Qe2 Nxe4 6. Qxe4 Nd7 7. Bc4 Nf6 8. Ne5 e6 9. Qe2 b5 10. Bd3 Bb7 11. O-O Qc7 12. b3 Nd5 13. Bb2 Be7 14. Qe4 a6 15. a4 Nf6 16. Qe2 O-O 17. Ng4 Qf4 18. Nxf6+ Bxf6 19. Bxf6 Qxf6 20. Be4 g6 21. d3 Rfd8 22. Rfe1 Qc3 23. Bf3 Rd4 24. axb5 axb5 25. Rxa8+ Bxa8 26. Qe5 b4 27. Rf1 Rd8 28. Qxc3 bxc3 29.
Ra1 Kf8 30. Kf1 Bb7 31. Ra4 Ke7 32. Rc4 Kd6 33. Rxc3 Ra8 34. Ke2 Ra1 35. Rc4 e5 36. Ra4 Rh1 37. Ra7 Kc7 38. h3 f5 39. Ra5 Kd6 40.
Ra7 Kc7 41. Ra5 Rc1 42. Kd2 Rf1 43. Rxe5 Kd6 44. Re2 Ba6 45. Kc3 Rc1 46. Rd2 Bb7 47.
b4 Ba6 48. Kd4 Bc8 49. c4 Rb1 50. Kc3 Be6 51. Rb2 Rc1+ 52. Rc2 Rb1 53. d4 f4 54. d5 cxd5 55. Bxd5 Bf5 56. Rd2 Ke5 57. Re2+ Kd6 58. Rd2 Ke5 59. c5 Rc1+ 60. Kb3 Rb1+ 61. Kc4 Rc1+ 62.
Kb5 Rb1 63. c6 Rc1 64. Bc4 g5 65. Kc5 Kf6 66. b5 Be6 67. Rd6 Rxc4+ 68. Kb6 Rb4 69. c7 Rc4 70. Kb7 Ke5 71. Rxe6+ Kxe6 72. c8=Q+ Rxc8 73.
Kxc8 h5 74. b6 g4 75. hxg4 f3 76. g3 hxg4 77. b7 Ke5 78. b8=Q+ Kd4 79. Qf4+ 1-0

[Event "*** SCC Grand Prix: Titled Tuesday Blitz"]
[Site "Chess.com"]
[Date "2020.10.13"]
[Round "2"]
[White "Guenplen"]
[Black "Chesswizard_2007"]
[Result "1-0"]
[WhiteElo "2852"]
[BlackElo "2565"]
[TimeControl "180+1"]
[EndTime "10:19:06 PDT"]
[Termination "Guenplen won by resignation"]

1. d4 a5 2. e4 b6 3. Nf3 Ba6 4. c4 Nc6 5. d5 Nb8 6. Nc3 d6 7. Nd4 Bb7 8. Be3 g6 9. h4 h5 10. Qd2 Nf6 11. f3 Bg7 12. Be2 Nbd7 13. O-O-O Nc5 14.
Kb1 Qd7 15. Ndb5 Rd8 16. g3 e5 17. Bf1 Qe7 18. Bh3 Bc8 19. Bxc8 Rxc8 20. Na7 Ra8 21. Nc6 Qd7 22. Qh2 Ng8 23. Qh3 Qxh3 24. Rxh3 Ne7 25.
Nb5 Na6 26. Nxe7 Kxe7 27. Rh2 f5 28. exf5 gxf5 29. Bg5+ Kf7 30. Rf2 Kg6 31. Kc2 Rhf8 32. a3 a4 33. Nc3 Bh6 34. Bxh6 Kxh6 35. Nxa4 Rg8 36. Rg1 Rg7 37. Nc3 Rag8 38. Rfg2 Nc5 39. b4 Nd7 40. Kb3 Nf6 41. a4 e4 42. fxe4 Nxe4 43. Nxe4 fxe4 44. Kc3 Rf7 45. g4 Rf3+ 46. Kd2 Rd3+ 47. Ke2 hxg4 48. Rxg4 Rxg4 49. Rxg4 Rd4 50. Ke3 Rxc4 51. Rxe4 Rc3+ 52. Kd4 Ra3 53. Kc4 Rxa4 54. Kb5 Ra7 55. Kc6 Kh5 56. b5 Ra5 57. Rb4 Ra7 58. Rd4 Ra5 59. Re4 Ra7 60. Re7 Kxh4 61. Rxc7 Ra3 62. Kxd6 Kg5 63. Kc6 Kf6 64. Kxb6 Ke5 65.
Rd7 Rb3 66. Kc6 Rc3+ 67. Kb7 Rb3 68. b6 Rb1 69. Kc7 Rc1+ 70. Kb8 Rb1 71. b7 Rb4 72. Kc8 Rc4+ 73. Rc7 Rh4 74. b8=Q Kf6 75. Qb6+ Kg5 76.
d6 Rh8+ 77. Kb7 Rg8 78. d7 Kh5 79. Rc5+ Kh4 80. Qb4+ Kh3 81. Rc3+ Kh2 82. Qb2+ Rg2 83. Qxg2+ Kxg2 84. d8=Q 1-0

[Event "*** SCC Grand Prix: Titled Tuesday Blitz"]
[Site "Chess.com"]
[Date "2020.10.13"]
[Round "2"]
[White "Sacbutt"]
[Black "Angel_Hranitel_37"]
[Result "1-0"]
[WhiteElo "2306"]
[BlackElo "2480"]
[TimeControl "180+1"]
[EndTime "10:19:10 PDT"]
[Termination "Sacbutt won by checkmate"]

1. d4 Nf6 2. c4 e6 3. Nf3 Bb4+ 4. Bd2 a5 5. g3 d6 6. Bg2 Nbd7 7. O-O e5 8. a3 Bxd2 9. Qxd2 O-O 10. Nc3 exd4 11. Nxd4 Nc5 12. Rab1 a4 13. Qc2 Re8 14. e3 Bg4 15. h3 Bh5 16. g4 Bg6 17. Nf5 h5 18. Nd5 hxg4 19. Nxf6+ Qxf6 20. hxg4 Qg5 21. Qe2 Bxf5 22.
gxf5 Qxf5 23. Qf3 Qxf3 24. Bxf3 Ra6 25. Rbc1 Rb6 26. Rc2 Nd3 27. Rb1 Re6 28. Be2 Nc5 29. Bf3 Rb3 30. Kf1 Rf6 31. Kg2 Nd3 32. Be4 Re6 33. Bf3 Rg6+ 34. Kf1 Ne5 35. Be4 Rf6 36. Kg2 Ng4 37. Re1 b6 38. Bf3 Ne5 39. Be4 Nd7 40. Bd5 Nc5 41. Rb1 Rf5 42. Bf3 Rg5+ 43. Kf1 b5 44. cxb5 Rxb5 45. Rc4 Rb3 46. Bd1 Rd3 47. Bxa4 Nxa4 48. Rxa4 Rd2 49. Rc4 Rf5 50. Rf4 Rxf4 51. exf4 Rd4 52. Rc1 c5 53. Ra1 Ra4 54. Ke2 Rxf4 55.
a4 Re4+ 56. Kd3 Rd4+ 57. Kc3 Rf4 58. a5 Rf3+ 59. Kc4 Rxf2 60. a6 Rc2+ 61. Kd5 Rd2+ 62. Kc6 Re2 63. a7 Re8 64. a8=Q Rxa8 65. Rxa8+ Kh7 66. Kxd6 g5 67. Kxc5 g4 68. Ra3 f5 69.
Kd4 Kg6 70. Ke3 Kg5 71. Kf2 f4 72. Ra5+ Kh4 73. Rf5 g3+ 74. Kg2 Kg4 75. Rf8 Kg5 76. Kf3 Kh4 77. Rxf4+ Kh3 78. Rf8 g2 79. Rh8# 1-0

[Event "*** SCC Grand Prix: Titled Tuesday Blitz"]
[Site "Chess.com"]
[Date "2020.10.13"]
[Round "2"]
[White "chigorin28"]
[Black "ftorodent"]
[Result "1/2-1/2"]
[WhiteElo "2425"]
[BlackElo "2690"]
[TimeControl "180+1"]
[EndTime "10:19:15 PDT"]
[Termination "Game drawn - insufficient material"]

1. e4 c5 2. Nf3 e6 3. c3 Nf6 4. e5 Nd5 5. d4 cxd4 6. cxd4 d6 7. Bd3 Nc6 8. exd6 Bxd6 9. O-O O-O 10. Nc3 Be7 11. Be3 Ncb4 12. Bb1 Nxc3 13. bxc3 Nd5 14. Qd3 g6 15. Bh6 Re8 16. c4 Nf6 17. Rd1 Qd6 18. g3 Bf8 19. Bf4 Qd8 20. Bc2 Bd7 21. d5 exd5 22. cxd5 Bf5 23. Qb3 Bxc2 24. Qxc2 Rc8 25.
Qb3 Qb6 26. Qxb6 axb6 27. Rab1 Nd7 28. Rd2 Bc5 29. Kf1 Ra8 30. Nd4 Ra4 31. Nb3 Rc8 32.
Re2 Bf8 33. Rbe1 Rca8 34. Re8 Rxa2 35. Rxa8 Rxa8 36. Rc1 Bc5 37. Nxc5 bxc5 38. Re1 Nf6 39.
d6 c4 40. Re7 c3 41. Rc7 Nd5 42. Rc4 Nxf4 43. gxf4 Rd8 44. Rxc3 Rxd6 45. Rb3 b6 46. Ke2 Kg7 47. Ke3 Kf6 48. Ke4 Re6+ 49. Kf3 Rc6 50. Ke4 Rc4+ 51. Ke3 Kf5 52. Rb5+ Kg4 53. Rxb6 Rc3+ 54.
Ke2 Rh3 55. Rf6 Rxh2 56. Rxf7 h5 57. Ke3 h4 58. Rf6 Kh5 59. f5 g5 60. Rf8 Rh3+ 61.
f3 Kh6 62. Ke4 Rg3 63. Rf6+ Kh7 64. f4 Rg4 65. Ke5 Rxf4 66. Rf8 h3 67. Kf6 h2 68.
Rf7+ Kh6 69. Rf8 Kh5 70. Rh8+ Kg4 71. Rxh2 Rxf5+ 72. Kg6 Rb5 73. Rg2+ Kf4 74. Kh5 g4+ 75. Kh4 Kf3 76. Rg3+ Kf2 77. Rxg4 Kf3 78. Rg3+ Kf2 79.
Rg4 Ke2 80. Rg2+ Kd3 81. Rg5 Kc4 82. Rxb5 Kxb5 1/2-1/2

[Event "*** SCC Grand Prix: Titled Tuesday Blitz"]
[Site "Chess.com"]
[Date "2020.10.13"]
[Round "2"]
[White "LyonBeast"]
[Black "kingnb"]
[Result "1/2-1/2"]
[WhiteElo "3020"]
[BlackElo "2622"]
[TimeControl "180+1"]
[EndTime "10:19:21 PDT"]
[Termination "Game drawn - insufficient material"]

1. d4 d6 2. e4 Nf6 3. Nc3 e5 4. Nge2 exd4 5. Nxd4 Be7 6. Qf3 O-O 7. Nf5 Bxf5 8. Qxf5 Nc6 9. Bd3 Qd7 10. Qxd7 Nxd7 11.
Nd5 Bd8 12. f3 Nb6 13. Ne3 Nb4 14. Be2 Bg5 15. Kd1 Rad8 16. h4 Bh6 17. c4 c6 18. a3 Na6 19. b4 Rfe8 20. Nf5 Bxc1 21. Rxc1 d5 22. exd5 Nxd5 23. cxd5 Rxd5+ 24. Ke1 Rxf5 25.
Kf2 Nc7 26. Rhd1 Rfe5 27. Bc4 R5e7 28. h5 Ne6 29. g4 h6 30. Rc3 Nf8 31. Rd2 Rd7 32.
Rcd3 Rxd3 33. Rxd3 g6 34. hxg6 Nxg6 35. Bb3 Kg7 36. Kg3 Re2 37. Rd7 Re7 38. Rd3 Ne5 39. Rd8 Rd7 40. Re8 Rd3 41. Rxe5 Rxb3 42. Re7 Rxa3 43. Rxb7 a5 44. bxa5 Rxa5 45. Rc7 Rc5 46.
f4 Rc3+ 47. Kh4 Rc4 48. f5 Rc1 49. Kg3 Rc3+ 50. Kf4 Rc4+ 51. Ke5 Rxg4 52. Rxc6 h5 53. Rc8 h4 54. f6+ Kh6 55. Kd6 Re4 56. Kd5 Re6 57.
Rg8 Rxf6 58. Ke4 Kh5 59. Ke3 Rg6 60. Rh8+ Kg4 61. Kf2 f5 62. Kg2 f4 63. Kh2 Re6 64.
Rg8+ Kf3 65. Ra8 Re2+ 66. Kh3 Kf2 67. Kh2 f3 68. Kh3 Re1 69. Ra2+ Kf1 70. Kxh4 f2 71. Kg3 Re3+ 72. Kh2 Ke1 73. Ra1+ Ke2 74. Kg2 Rd3 75. Ra2+ Rd2 76. Ra1 Rd3 77. Ra2+ Rd2 78. Ra1 Rd1 79.
Rxd1 Kxd1 80. Kf1 Kd2 81. Kxf2 1/2-1/2

[Event "*** SCC Grand Prix: Titled Tuesday Blitz"]
[Site "Chess.com"]
[Date "2020.10.13"]
[Round "2"]
[White "zurzan"]
[Black "Kotofeyca"]
[Result "1-0"]
[WhiteElo "1982"]
[BlackElo "2351"]
[TimeControl "180+1"]
[EndTime "10:19:22 PDT"]
[Termination "zurzan won by checkmate"]

1. f4 d5 2. Nf3 g6 3. g3 Bg7 4. Bg2 Nh6 5. O-O O-O 6. d3 Nc6 7. c3 e5 8. fxe5 Nxe5 9. Nxe5 Nf5 10. d4 Re8 11. Bf4 g5 12. Bd2 Bxe5 13. dxe5 Rxe5 14. Qc1 h6 15. e3 Qe7 16. Na3 c6 17. Nc2 Nd6 18.
Nd4 Nc4 19. Nf3 Re4 20. Re1 Bg4 21. b3 Nd6 22. Nd4 Re5 23. Qc2 Re8 24. h3 Bd7 25. g4 c5 26. Nf3 Re6 27. Rad1 Ne4 28. Bc1 Bc6 29. c4 dxc4 30. bxc4 Rf8 31. Bb2 f5 32. Nd2 Ng3 33. Qc3 Kf7 34. Qg7+ Ke8 35. Qxe7+ Kxe7 36. gxf5 Rxf5 37. Bxc6 Rxc6 38. e4 Rf8 39.
Nf1 Nh5 40. e5 Nf4 41. Kh2 Rb6 42. Rd2 Ra6 43. a3 Ra4 44. Rc1 Rf5 45. Ne3 Ne6 46.
Nd5+ Ke8 47. Re2 Rf3 48. Rcc2 Rb3 49. Nf6+ Ke7 50. Ng4 h5 51. Ne3 Nf4 52. Nd5+ Ke6 53. Nxf4+ gxf4 54. Rcd2 f3 55. Rf2 Rxc4 56. Rd6+ Ke7 57.
Kg3 Re4 58. Rxf3 Rxf3+ 59. Kxf3 Re1 60. Rd5 c4 61. Rc5 Rb1 62. Bc3 b5 63. Bb4 Rb3+ 64. Kf4 Ke6 65. Rc6+ Kd7 66. Rd6+ Kc7 67. e6 c3 68. e7 Rb1 69. e8=Q Rf1+ 70. Kg5 Rg1+ 71. Kxh5 Re1 72. Qxe1 a5 73. Qxc3+ Kb7 74. Qc6+ Ka7 75. Rd7+ Kb8 76. Qb7# 1-0

[Event "*** SCC Grand Prix: Titled Tuesday Blitz"]
[Site "Chess.com"]
[Date "2020.10.13"]
[Round "2"]
[White "Ze-Pequeno"]
[Black "AttilaTurzo"]
[Result "1/2-1/2"]
[WhiteElo "2146"]
[BlackElo "2392"]
[TimeControl "180+1"]
[EndTime "10:19:24 PDT"]
[Termination "Game drawn by repetition"]

1. e4 c5 2. Nf3 Nc6 3. d4 cxd4 4. Nxd4 Nf6 5. Nc3 d6 6. Bg5 e6 7. Qd2 a6 8. O-O-O Bd7 9. f4 b5 10. Bxf6 gxf6 11. Kb1 Qb6 12. Nxc6 Bxc6 13. f5 Be7 14. Bd3 b4 15. Ne2 e5 16. Ng3 h5 17. Rhe1 h4 18. Nf1 Bf8 19. Qe2 Ke7 20. Bc4 Rc8 21.
Ne3 Bh6 22. Nd5+ Bxd5 23. Bxd5 Bf4 24. h3 a5 25. Rd3 a4 26. Red1 Rc5 27. b3 a3 28. Bc4 Rd8 29. Rd5 Bg5 30. Qd3 Ra5 31.
Rxa5 Qxa5 32. Bd5 Qb6 33. Bc4 Be3 34. Qd5 Rf8 35. Rd3 Bd4 36. Rd1 Bc5 37. Rd3 Qc7 38.
Rd1 Qc8 39. Rd3 Qa8 40. Qxa8 Rxa8 41. Rd2 Rg8 42. Re2 Rg3 43. Kc1 Bd4 44. Kd1 Rc3 45. Bd3 Bg1 46. Re1 Bh2 47. Re2 Bf4 48. Rf2 Rc5 49.
Re2 d5 50. exd5 Rxd5 51. Ke1 Kd6 52. Kf2 Kc5 53. Kf3 Rd8 54. Re4 Rd4 55. Ke2 Bg5 56. Kf3 Kd5 57. Bc4+ Kc5 58. Bxf7 Rd2 59. Rc4+ Kb5 60.
Be8+ Kb6 61. Rxb4+ Kc7 62. Rc4+ Kd6 63. Bg6 Rd1 64.
Ra4 Rf1+ 65. Ke2 Rc1 66. Rxa3 Rxc2+ 67. Kf3 Rc3+ 68. Kf2 Rc2+ 69. Kf3 Rc3+ 70. Kf2 Be3+ 71. Ke2 Bf4 72. Ra6+ Kc5 73. Rxf6 Kd4 74. Rd6+ Kc5 75.
Rd8 e4 76. f6 Rc2+ 77. Kd1 Rc1+ 78. Ke2 Rc2+ 79. Kd1 Rc1+ 80. Ke2 Rc2+ 1/2-1/2

[Event "*** SCC Grand Prix: Titled Tuesday Blitz"]
[Site "Chess.com"]
[Date "2020.10.13"]
[Round "2"]
[White "IwkooO"]
[Black "andrzej"]
[Result "1-0"]
[WhiteElo "2653"]
[BlackElo "2293"]
[TimeControl "180+1"]
[EndTime "10:19:37 PDT"]
[Termination "IwkooO won by checkmate"]

1. e4 c6 2. d4 d5 3. e5 c5 4. dxc5 e6 5. Qg4 Nd7 6. Nf3 Nxc5 7. Nc3 Ne7 8. Bd3 Nxd3+ 9. cxd3 Nf5 10. O-O Be7 11. Ne2 h5 12. Qf4 h4 13. Ned4 Nxd4 14.
Qxd4 Qb6 15. Qg4 g6 16. b3 Bd7 17. Bg5 Qb4 18. d4 Rc8 19. a3 Qxb3 20. Bxe7 Kxe7 21.
Qg5+ Ke8 22. Qf6 Rf8 23. Rab1 Qxa3 24. Rxb7 a5 25. Qxh4 a4 26. Ng5 Qe7 27. Qf4 Kd8 28. Nh7 Rh8 29. Nf6 Rc7 30. Rxc7 Kxc7 31. Qc1+ Bc6 32.
Qc3 Rb8 33. Qa5+ Kc8 34. Rc1 Qb7 35. Ne8 Qb6 36. Qxa4 Kd7 37. Nf6+ Kc7 38. Qc2 Ra8 39. h4 Ra4 40. Rb1 Rb4 41. Rxb4 Qxb4 42. Qd3 Qe1+ 43. Qf1 Qd2 44. Qa1 Qb4 45. Qa7+ Bb7 46.
Qa1 Qd2 47. Ne8+ Kd8 48. Nd6 Bc8 49. Nxf7+ Ke7 50. Nd6 Bd7 51. g3 Qe2 52. Qa3 Qg4 53.
Ne4+ Kd8 54. Nf6 Qd1+ 55. Kg2 Bc6 56. Qf8+ Kc7 57. Qd6+ Kb6 58. Qc5+ Kb7 59. Qe7+ Kb6 60. Qd8+ Kb7 61. Ne8 Bxe8 62. Qxe8 Qxd4 63. Qd7+ Kb6 64. Qxe6+ Kb7 65. Qd7+ Kb6 66. Qd6+ Kb7 67. e6 Qe4+ 68. Kg1 Qe1+ 69. Kg2 Qe4+ 70. Kh2 Qf3 71. Qf4 Qe2 72. Qf7+ Kb6 73. e7 d4 74. e8=Q d3 75. Qee6+ Kc5 76.
Qxe2 dxe2 77. Qe6 Kd4 78. Qxe2 g5 79. Qe3+ Kd5 80. h5 g4 81. h6 Kd6 82. h7 Kd5 83. h8=Q Kd6 84. Qhd4+ Kc6 85. Qec3+ Kb7 86. Qdb4+ Ka6 87.
Qca3# 1-0

[Event "*** SCC Grand Prix: Titled Tuesday Blitz"]
[Site "Chess.com"]
[Date "2020.10.13"]
[Round "2"]
[White "Nikolakis2014"]
[Black "juancruzarias"]
[Result "1/2-1/2"]
[WhiteElo "2731"]
[BlackElo "2516"]
[TimeControl "180+1"]
[EndTime "10:19:45 PDT"]
[Termination "Game drawn by stalemate"]

1. Nf3 Nf6 2. c4 c5 3. Nc3 e6 4. e3 Nc6 5. d4 d5 6. cxd5 exd5 7. Bb5 Be7 8. dxc5 Bxc5 9. O-O O-O 10. b3 a6 11. Bxc6 bxc6 12. h3 Re8 13. Bb2 Bf5 14. Rc1 Bd6 15. Na4 Rc8 16. Nc5 Bxc5 17. Rxc5 Ne4 18.
Qd4 f6 19. Rcc1 Qd7 20. Qd1 c5 21. Nd2 Ng5 22. Nf3 Ne4 23. Nh4 Be6 24. Qh5 g6 25. Qf3 f5 26. Qe2 f4 27. Rfd1 Qe7 28. Nf3 fxe3 29.
Qxe3 Rf8 30. Re1 Rce8 31. Rcd1 Qf7 32. Re2 Qf4 33. Qxf4 Rxf4 34. Ne5 Rf5 35. Ng4 Kf8 36.
Rde1 Bd7 37. f3 Nd6 38. Ne5 Bb5 39. Rd2 d4 40. f4 g5 41. Ba3 Nb7 42. g3 gxf4 43.
gxf4 Ke7 44. Rxd4 Kf6 45. Rde4 Rg8+ 46. Kf2 Nd6 47. Ng4+ Rxg4 48. hxg4 Nxe4+ 49. Rxe4 Rd5 50. Bb2+ Kf7 51. Be5 Rd2+ 52. Kg3 Rxa2 53. Kh4 Ra3 54. Kg5 Rxb3 55. Bd6 Rd3 56. Re7+ Kg8 57. Be5 Rd7 58.
Re8+ Kf7 59. Rc8 c4 60. f5 Re7 61. Kf4 h6 62. Rh8 Rd7 63. Rxh6 Rd3 64. g5 c3 65. g6+ Ke7 66. Rh7+ Kd8 67. g7 Bc4 68. Rh8+ Kd7 69. Bxc3 Rxc3 70. f6 Rc1 71. Kg5 Rg1+ 72. Kf5 Rf1+ 73. Kg6 Rg1+ 74. Kf5 Rf1+ 75. Ke5 Re1+ 76.
Kd4 Bf7 77. Rf8 Ke6 78. g8=Q Bxg8 79. Re8+ Kxf6 80. Rxe1 Be6 81. Kc5 a5 82. Ra1 Bf5 83. Rxa5 Kg7 84. Kd6 Bg6 85. Rg5 Kf6 86. Rg1 Kg7 87.
Ke7 Kh7 88. Kf6 Bc2 89. Rg2 Bd3 90. Rg7+ Kh8 91. Rg3 Bc2 92. Kf7 Bb1 93. Rh3+ Bh7 94. Rh6 1/2-1/2